 Dungeon Crawl Stone Soup version 0.26-b1-32-g5d43845318 (webtiles) character file.

Game seed: 14859269992876565572

106 Aviak the Insei (level 4, -4/29 HPs)
             Began as an Octopode Transmuter on Jan 12, 2021.
             Slain by an orc
             ... wielding a +0 falchion
              (6 damage)
             ... on level 2 of the Dungeon.
             The game lasted 00:02:24 (2595 turns).

Aviak the Insei (Octopode Transmuter)               Turns: 2595, Time: 00:02:24

Health: -4/29      AC:  3    Str:  9    XL:     4   Next: 84%
Magic:  7/7        EV: 14    Int: 16    God:
Gold:   101        SH:  0    Dex: 12    Spells: 7/8 levels left

rFire    . . .     SeeInvis .     - Unarmed
rCold    . . .     Faith    .   (no shield)
rNeg     . . .     Spirit   .   h - +2 hat
rPois    .         Reflect  .   (no amulet)
rElec    .         Harm     .   j - ring of resist corrosion
rCorr    +         Rampage  .   (no ring)
Will     .....                  (no ring)
Stlth    ++........             (no ring)
HPRegen  0.09/turn              (no ring)
MPRegen  0.10/turn              (no ring)
                                (no ring)
                                (no ring)

@: no status effects
A: almost no armour, stealthy swim, amphibious, 8 rings, constrict 8, camouflage
1, gelatinous body 1
a: no special abilities


You were on level 2 of the Dungeon.
You visited 1 branch of the dungeon, and saw 3 of its levels.

You collected 101 gold pieces.

Inventory:

Armour
 h - a +2 hat (worn)
Jewellery
 j - a ring of resist corrosion (left tentacle)
Scrolls
 a - 3 scrolls of teleportation {unknown}
 b - 2 scrolls of identify {unknown}
 d - 2 scrolls of immolation {unknown}
 e - 4 scrolls of remove curse {unknown}
 f - a scroll of fog {unknown}
 k - a scroll of enchant armour {unknown}
Potions
 g - a potion of lignification {unknown}
 i - 2 potions of brilliance {unknown}


   Skills:
 + Level 2.0 Fighting
 + Level 2.6 Dodging
 + Level 3.6 Unarmed Combat
 + Level 2.6 Spellcasting
 + Level 2.8 Transmutations


You had 7 spell levels left.
You knew the following spells:

 Your Spells              Type           Power        Failure   Level
a - Beastly Appendage     Tmut           22%          6%          1

Your spell library contained the following spells:

 Spells                   Type           Power        Failure   Level
 Wereblood                Tmut           11%          9%          2
 Spider Form              Tmut/Pois      3%           32%         3
 Ice Form                 Ice/Tmut       6%           71%         4
 Blade Hands              Tmut           5%           86%         5


Dungeon Overview and Level Annotations

Branches:
Dungeon (3/15)

Altars:
Elyvilon
Zin
The Shining One

Annotations:
D:2 Robin


Innate Abilities, Weirdness & Mutations

You cannot wear most types of armour.
You are very stealthy in the water. (Stealth+)
You are amphibious.
You can wear up to eight rings at the same time.
You can use your tentacles to constrict eight enemies at once.
Your skin changes colour to match your surroundings (Stealth+).
Your rubbery body absorbs attacks. (AC +1, EV +1)


Message History

Your transformation is almost over.
Your tentacle spike disappears.
Your +2 hat unmelds from your body.
There is a stone staircase leading up here.
The orc closely misses you.
You climb upwards.
Level annotation: Robin Reactivating autopickup.
There is a stone staircase leading down here.
You tentacle-slap the orc but do no damage.
You grab the orc.
You constrict the orc, but do no damage.
The orc hits you with a +0 falchion.
* * * LOW HITPOINT WARNING * * *
You tentacle-slap the orc but do no damage.
You constrict the orc, but do no damage.
The orc completely misses you.
You tentacle-slap the orc but do no damage.
You constrict the orc. The orc hits you with a +0 falchion.
You die...

#.........(>..##.#
###.#########.##.#
######.# #.##.#
.......# #.##.#
######## #.##.#
######
#.##.########.....
#.##...........###
#o##.########.##
#@##.# #.#
#.##.########.#
#.............####
####..............
##########.....
#.#### #.....
######


You could see an orc.

Vanquished Creatures
  A worker ant (D:2)
  2 adders (D:2)
  An ooze (D:1)
  2 worms (D:2)
  3 orcs (D:3)
  2 ball pythons (D:1)
  6 giant cockroaches
  9 goblins
  3 hobgoblins
  3 jackals (D:2)
  4 kobolds
  5 bats
  2 frilled lizards (D:1)
  4 rats
47 creatures vanquished.

Notes
Turn   | Place    | Note
-------+----------+-------------------------------------------
     0 | D:1      | Aviak the Octopode Transmuter began the quest for the Orb.
     0 | D:1      | Reached XP level 1. HP: 13/13 MP: 3/3
   377 | D:1      | Reached XP level 2. HP: 18/18 MP: 5/5
   958 | D:2      | Reached XP level 3. HP: 16/23 MP: 4/6
  1173 | D:2      | Reached XP level 4. HP: 19/29 MP: 5/7
  1588 | D:2      | Found a white marble altar of Elyvilon.
  1589 | D:2      | Found a glowing silver altar of Zin.
  1589 | D:2      | Found a glowing golden altar of the Shining One.
  1698 | D:3      | Noticed Robin
  2569 | D:3      | HP: 1/29 [something/magic dart (8)]
  2595 | D:2      | Slain by an orc

Illustrated notes

Levels and vault maps discovered:
D:1:      nzn_arrival_water_spiral, layout_rooms
D:2:      layout_loops_ring, good_gods_temple_1
D:3:      layout_basic, old_standard_altar, uniq_robin

Skill      XL: |  1  2  3  4 |
---------------+-------------+-----
Fighting       | 2 |  2.0
Dodging        | |  2.6
Unarmed Combat | |  3.6
Spellcasting   | |  2.6
Transmutations | |  2.8

Action                   |  1- 3 |  4- 6 || total
-------------------------+-------+-------++-------
Melee: Unarmed           |    59 |    60 ||   119
       Constrict         |    16 |    16 ||    32
       Tentacles         |    10 |    13 ||    23
       Kick              |     8 |     6 ||    14
 Cast: Beastly Appendage |     5 |     7 ||    12
  Use: Potion            |       |     3 ||     3
 Stab: Sleeping          |     3 |     2 ||     5
Armor: Skin              |    11 |    13 ||    24
Dodge: Dodged            |    33 |    55 ||    88
